 Dungeon Crawl Stone Soup version 0.31-a0-152-g6aa68a64a1 (webtiles) character file.

Game seed: 6876019909702520887

114 qw the Shooter (level 4, 0/42 HPs)
             Began as a Naga Hunter on June 10, 2023.
             Killed from afar by Pikel (6 damage)
             ... with a puff of flame
             ... on level 4 of the Dungeon.
             The game lasted 00:00:42 (2597 turns).

qw the Shooter (Naga Hunter)                        Turns: 2597, Time: 00:00:43

Health: 0/42       AC:  3    Str: 13    XL:     4   Next: 98%
Magic:  4/4        EV:  9    Int:  9    God:
Gold:   137        SH:  0    Dex: 17    Spells: 3/3 levels left

rFire   . . .        Y - +0 shortbow
rCold   . . .        (shield currently unavailable)
rNeg    . . .        c - +0 leather armour
rPois   +            (no helmet)
rElec   .            (no cloak)
rCorr   .            f - +0 pair of gloves
SInv    +            (no barding)
Will    .....        d - amulet of the acrobat
Stlth   ++           (no ring)
HPRegen 0.27/turn    (no ring)
MPRegen 0.09/turn

%: acrobat
@: short of breath, very slow
A: AC +1, large, see invisible, deformed body, poison resistance, slowness 2,
spit poison 1, naga tail 1
a: Spit Poison


You were on level 4 of the Dungeon.
You visited 1 branch of the dungeon, and saw 4 of its levels.

You collected 195 gold pieces.
You spent 58 gold pieces at shops.


Innate Abilities, Weirdness & Mutations

Your serpentine skin is tough. (AC +1)
You have supernaturally acute eyesight. (SInv)
Armour fits poorly on your strangely shaped body.
Your system is resistant to poisons. (rPois)
You cover ground very slowly.
You can spit poison.
You have a snake-like lower body.


   Skills:
 - Level 3.0 Fighting
 + Level 5.1 Ranged Weapons
 - Level 1.5 Dodging
 - Level 1.5 Stealth


You had 3 spell levels left.
You didn't know any spells.
Your spell library was empty.

Inventory:

Hand Weapons
 Y - a +0 shortbow (weapon)
Armour
 c - a +0 leather armour (worn)
 f - a +0 pair of gloves (worn)
Jewellery
 d - an amulet of the acrobat (around neck)
Scrolls
 a - 2 scrolls of identify

Dungeon Overview and Level Annotations

Branches:
Dungeon (4/15)
 Temple: D:4-7

Altars:
Ashenzari
Cheibriados
Kikubaaqudgha
Nemelex Xobeh
Qazlal
Ru
Sif Muna
Uskayaw
Xom

Shops:
D:2 [

Annotations:
D:4 Pikel


Message History

Pikel freezes you.
2590 ||| INVOKING Spit Poison.
Aiming: Spit Poison (1% risk of failure)
Press: ? - help, Shift-Dir - straight line, f/p - Pikel The splash of poison hits Pikel.
Pikel is lightly wounded.
Pikel barely misses you.
You shoot an arrow. The arrow barely misses Pikel.
The arrow closely misses the lemure.
The arrow hits the lemure.
The lemure is lightly wounded.
Pikel hits you with a +0 whip of freezing.
Pikel freezes you.
You shoot an arrow. The arrow hits Pikel.
Pikel is moderately wounded.
Pikel hits you with a +0 whip of freezing.
Pikel freezes you.
You shoot an arrow. The arrow closely misses Pikel.
The arrow hits the lemure but does no damage.
Pikel closely misses you.
A giant cockroach comes into view.
Pikel drinks a potion.
Pikel suddenly seems more resistant.
You shoot an arrow. The arrow misses Pikel.
The arrow hits the lemure.
The lemure is lightly wounded.
You have got your breath back.
Pikel zaps a wand.
The puff of flame misses you.
2595 ||| INVOKING Spit Poison.
Aiming: Spit Poison (1% risk of failure)
Press: ? - help, Shift-Dir - straight line, f/p - Pikel The splash of poison hits Pikel.
Pikel completely resists.
Pikel is moderately wounded.
Pikel hits you with a +0 whip of freezing.
Pikel freezes you.
You shoot an arrow. The arrow hits Pikel.
Pikel is moderately wounded.
Pikel hits you with a +0 whip of freezing!
Pikel freezes you.
You shoot an arrow. The arrow closely misses Pikel.
The arrow hits the lemure.
The lemure is lightly wounded.
Pikel zaps a wand.
The puff of flame hits you.
You die...

##########..
#...@K5555..
#.########.#
#.# #.# #.#
#.# #.# #.#
#.#


You could see Pikel (resistant) and 4 lemures.

Vanquished Creatures
  Terence (D:3)
  3 adders
  A worm (D:3)
  3 dart slugs
  4 orcs
  3 bats (D:3)
  An endoplasm (D:3)
  2 giant cockroaches
  3 goblins
  7 hobgoblins
  2 quokkas
  6 ball pythons
  A frilled lizard (D:3)
  4 kobolds
  10 rats
51 creatures vanquished.

Notes
Turn   | Place    | Note
-------+----------+-------------------------------------------
     0 | D:1      | qw the Naga Hunter began the quest for the Orb.
     0 | D:1      | Reached XP level 1. HP: 19/19 MP: 1/1
     0 | D:1      | 0 ||| qw: Version: 0.2-a-122-gbc61b45
     0 | D:1      | 0 ||| qw: Game counter: 3640
     0 | D:1      | 0 ||| qw: Always use a shield: true
     0 | D:1      | 0 ||| qw: God list: Okawaru
     0 | D:1      | 0 ||| qw: Allow faded altars: false
     0 | D:1      | 0 ||| qw: Do Orc after D:15 true
     0 | D:1      | 0 ||| qw: Do second Lair branch before Depths: true
     0 | D:1      | 0 ||| qw: Lair rune preference: random
     0 | D:1      | 0 ||| qw: Plans: Normal
     0 | D:1      | 0 ||| PLANNING D:1-11
    17 | D:1      | 17 ||| INVOKING Spit Poison.
    59 | D:1      | 59 ||| INVOKING Spit Poison.
   104 | D:1      | 104 ||| INVOKING Spit Poison.
   132 | D:1      | 132 ||| INVOKING Spit Poison.
   135 | D:1      | 135 ||| INVOKING Spit Poison.
   150 | D:1      | 150 ||| INVOKING Spit Poison.
   161 | D:1      | Reached skill level 4 in Ranged Weapons
   161 | D:1      | Reached XP level 2. HP: 26/26 MP: 2/2
   190 | D:1      | 190 ||| INVOKING Spit Poison.
   246 | D:1      | 246 ||| INVOKING Spit Poison.
   658 | D:1      | 658 ||| INVOKING Spit Poison.
   719 | D:1      | 719 ||| INVOKING Spit Poison.
   731 | D:1      | Found a faded altar of an unknown god.
   906 | D:1      | 906 ||| READING 2 scrolls labelled TIOCOK FIERUWK.
   907 | D:1      | 907 ||| READING scroll labelled WAOSHR HUOXOMA.
   908 | D:1      | 908 ||| DROPPING scroll of butterflies.
   990 | D:2      | 990 ||| INVOKING Spit Poison.
   993 | D:2      | 993 ||| INVOKING Spit Poison.
   998 | D:2      | Reached XP level 3. HP: 20/32 MP: 3/3
  1061 | D:2      | 1061 ||| INVOKING Spit Poison.
  1090 | D:2      | 1090 ||| INVOKING Spit Poison.
  1149 | D:2      | 1149 ||| INVOKING Spit Poison.
  1249 | D:2      | 1249 ||| INVOKING Spit Poison.
  1280 | D:2      | 1280 ||| INVOKING Spit Poison.
  1407 | D:2      | Found Jolepaomp's Armour Emporium.
  1413 | D:2      | 1413 ||| BUYING +0 pair of gloves (58 gold).
  1413 | D:2      | Bought a +0 pair of gloves for 58 gold pieces
  1413 | D:2      | 1413 ||| SHOPLISTING +3 pair of gauntlets of War {Slay+5}
                  | (617 gold, have 70).
  1579 | D:2      | 1579 ||| INVOKING Spit Poison.
  1583 | D:2      | 1583 ||| INVOKING Spit Poison.
  1792 | D:2      | 1792 ||| UPGRADING to +0 pair of gloves.
  1797 | D:2      | 1797 ||| UPGRADING to amulet of the acrobat.
  1802 | D:2      | 1802 ||| READING scroll labelled VUCEGG REKOHAL.
  1803 | D:2      | 1803 ||| READING scroll labelled PUODEV DOEVEMI.
  1804 | D:2      | 1804 ||| READING scroll labelled OLIKHUFIET.
  1863 | D:3      | 1863 ||| INVOKING Spit Poison.
  1897 | D:3      | Found a stormy altar of Qazlal.
  1916 | D:3      | 1916 ||| INVOKING Spit Poison.
  1935 | D:3      | 1935 ||| INVOKING Spit Poison.
  1958 | D:3      | 1958 ||| INVOKING Spit Poison.
  2040 | D:3      | 2040 ||| INVOKING Spit Poison.
  2046 | D:3      | 2046 ||| INVOKING Spit Poison.
  2047 | D:3      | Reached skill level 5 in Ranged Weapons
  2050 | D:3      | Reached XP level 4. HP: 39/39 MP: 4/4
  2111 | D:3      | Found a hide-covered altar of Uskayaw.
  2113 | D:3      | Found a broken altar of Ashenzari.
  2115 | D:3      | Found a sacrificial altar of Ru.
  2115 | D:3      | Found a sparkling altar of Nemelex Xobeh.
  2116 | D:3      | Found an ancient bone altar of Kikubaaqudgha.
  2116 | D:3      | Found a snail-covered altar of Cheibriados.
  2116 | D:3      | Found a shimmering altar of Xom.
  2117 | D:3      | Found a shimmering blue altar of Sif Muna.
  2123 | D:3      | 2123 ||| INVOKING Spit Poison.
  2161 | D:3      | 2161 ||| INVOKING Spit Poison.
  2174 | D:3      | Noticed Terence
  2176 | D:3      | 2176 ||| INVOKING Spit Poison.
  2182 | D:3      | 2182 ||| INVOKING Spit Poison.
  2182 | D:3      | Killed Terence
  2186 | D:3      | 2186 ||| INVOKING Spit Poison.
  2243 | D:3      | 2243 ||| INVOKING Spit Poison.
  2283 | D:3      | 2283 ||| INVOKING Spit Poison.
  2284 | D:3      | Reached skill level 3 in Fighting
  2286 | D:3      | 2286 ||| INVOKING Spit Poison.
  2291 | D:3      | 2291 ||| INVOKING Spit Poison.
  2294 | D:3      | 2294 ||| INVOKING Spit Poison.
  2461 | D:3      | 2461 ||| INVOKING Spit Poison.
  2480 | D:3      | 2480 ||| READING scroll labelled YLATZE COGRIE.
  2481 | D:3      | 2481 ||| READING 4 scrolls of identify.
  2481 | D:3      | 2481 ||| IDENTIFYING emerald potion
  2482 | D:3      | 2482 ||| READING 3 scrolls of identify.
  2482 | D:3      | 2482 ||| IDENTIFYING lumpy golden potion
  2483 | D:3      | 2483 ||| DROPPING potion of attraction.
  2576 | D:4      | Noticed Pikel
  2578 | D:4      | 2578 ||| INVOKING Spit Poison.
  2579 | D:4      | Noticed a lemure
  2582 | D:4      | Noticed a lemure
  2584 | D:4      | 2584 ||| INVOKING Spit Poison.
  2584 | D:4      | Noticed a lemure
  2585 | D:4      | Noticed a lemure
  2588 | D:4      | HP: 10/42 [Pikel/+0 whip of freezing (3)]
  2589 | D:4      | 2589 ||| DRINKING potion of heal wounds.
  2590 | D:4      | 2590 ||| INVOKING Spit Poison.
  2595 | D:4      | 2595 ||| INVOKING Spit Poison.
  2596 | D:4      | HP: 8/42 [Pikel/+0 whip of freezing (8)]
  2597 | D:4      | Killed from afar by Pikel

Levels and vault maps discovered:
D:1:      minmay_arrival_doors, layout_basic, ebering_ecumenical_altar_hall,
          bh_walls_and_bars
D:2:      layout_loops_corners, serial_shops, shop_statue, st_stairs_8,
          nicolae_figureground_sparkle
D:3:      layout_basic, grunt_qazlal_sundering, grunt_temple_overflow_open,
          uniq_terence
D:4:      gammafunk_steamed_eel, layout_basic, uniq_pikel, uniq_robin,
          uniq_duvessa

Skill      XL: |  1  2  3  4 |
---------------+-------------+-----
Ranged Weapons | 4 5 |  5.1
Fighting       | 3 |  3.0
Dodging        | |  1.5
Stealth        | |  1.5

Action                     |  1- 3 |  4- 6 || total
---------------------------+-------+-------++-------
   Fire: Shortbow          |    45 |    49 ||    94
Ability: Spit Poison       |    25 |    15 ||    40
    Use: Scroll            |     5 |     3 ||     8
         Potion            |       |     1 ||     1
 Armour: Leather armour    |     7 |     3 ||    10
  Dodge: Dodged            |    14 |    10 ||    24

Table legend:
 A = Non-vault XP
 B = Vault XP
 C = Vault XP percentage of total XP
 D = Non-vault monster count
 E = Vault monster count
 F = Vault count percentage of total count
                 A         B        C        D         E       F
            +---------+---------+-------+---------+---------+-------
      Total |     123 |      41 |  25.0 |      48 |       3 |   5.9
            +---------+---------+-------+---------+---------+-------
        D:1 |      22 |       0 |   0.0 |      15 |       0 |   0.0
        D:2 |      44 |       3 |   6.4 |       9 |       2 |  18.2
        D:3 |      48 |      38 |  44.2 |      21 |       1 |   4.5
        D:4 |       9 |       0 |   0.0 |       3 |       0 |   0.0
            +---------+---------+-------+---------+---------+-------
